ITL
TUSCALOOSA TROUT SLAYERS @ OTSEGO BULLDOGS
09/13/2026
 
TOP OF THE 1ST
Tuscaloosa Trout Slayers batting - Pitching for Otsego Bulldogs : LHP Félix García
Pitching: LHP Félix García
Batting: RHB Pat Fullerton 0-0: Ball
1-0: Called Strike
1-1: Foul Ball, location: 2F
1-2: Foul Ball, location: 2F
1-2: Strikes out swinging
Batting: LHB Ed Murray 0-0: Ball
1-0: Ball
2-0: Called Strike
2-1: Ball
3-1: Base on Balls
Batting: RHB Ryan McBride 0-0: Ball
1-0: Foul Ball, location: 2F
1-1: Ball
2-1: Ball
3-1: Foul Ball, location: 2F
3-2: Grounds into double play, 6-4-3 (Groundball, 6)
Top of the 1st over - 0 run(s), 0 hit(s), 0 error(s), 0 left on base; Tuscaloosa 0 - Otsego 0
BOTTOM OF THE 1ST
Otsego Bulldogs batting - Pitching for Tuscaloosa Trout Slayers : RHP Rafael Ramírez
Pitching: RHP Rafael Ramírez
Batting: RHB Ryosei Yamamoto 0-0: Ball
1-0: Ball
2-0: Bunt for hit - play at first, batter safe!
Batting: RHB Juan Pérez 0-0: Ball
1-0: Foul Ball, location: 2F
1-1: Foul Ball, location: 2F
1-2: Ball
2-2: Strikes out swinging
Batting: RHB Jesús Tisnado 0-0: Called Strike
0-1: Foul Ball, location: 2F
0-2: Ball
1-2: Ball
2-2: Strikes out swinging
Batting: LHB Robert Moore 0-0: Ball
1-0: Ball
2-0: Called Strike
2-1: Ball
3-1: Base on Balls
Ryosei Yamamoto to second
Batting: RHB Jim Beck 0-0: Ball
1-0: Foul Ball, location: 2F
1-1: DOUBLE (Flyball, 8LXD)
Ryosei Yamamoto scores
Robert Moore to third
Batting: RHB Raúl Bauza 0-0: Ball
1-0: Called Strike
1-1: Foul Ball, location: 2F
1-2: Ball
2-2: Foul Ball, location: 2F
2-2: Strikes out swinging
Bottom of the 1st over - 1 run(s), 2 hit(s), 0 error(s), 2 left on base; Tuscaloosa 0 - Otsego 1
TOP OF THE 2ND
Tuscaloosa Trout Slayers batting - Pitching for Otsego Bulldogs : LHP Félix García
Batting: RHB Ben Morton 0-0: Ball
1-0: Ground out 6-3 (Groundball, 6MS)
Batting: LHB Marcos Villarreal 0-0: Ball
1-0: Foul Ball, location: 2F
1-1: Ground out 2-3 (Groundball, 25)
Batting: LHB Ed Hart 0-0: Foul Ball, location: 2F
0-1: Fly out, F8 (Flyball, 8LD)
Top of the 2nd over - 0 run(s), 0 hit(s), 0 error(s), 0 left on base; Tuscaloosa 0 - Otsego 1
BOTTOM OF THE 2ND
Otsego Bulldogs batting - Pitching for Tuscaloosa Trout Slayers : RHP Rafael Ramírez
Batting: RHB Luis Maldonado 0-0: Called Strike
0-1: Fly out, F8 (Flyball, 8RM)
Batting: RHB Kyung-bok Cho 0-0: Foul Ball, location: 2F
0-1: Foul Ball, location: 2F
0-2: Strikes out swinging
Batting: RHB José Martínez 0-0: Ball
1-0: Fly out, F8 (Line Drive, 8LD)
Bottom of the 2nd over - 0 run(s), 0 hit(s), 0 error(s), 0 left on base; Tuscaloosa 0 - Otsego 1
TOP OF THE 3RD
Tuscaloosa Trout Slayers batting - Pitching for Otsego Bulldogs : LHP Félix García
Batting: SHB Tucker Thomas 0-0: Foul Ball, location: 2F
0-1: Ball
1-1: Ball
2-1: Swinging Strike
2-2: Strikes out swinging
Batting: LHB Mark Owens 0-0: Ball
1-0: Called Strike
1-1: Ball
2-1: Ball
3-1: Base on Balls
Batting: LHB Wilford Lush 0-0: Ball
1-0: Ball
2-0: Foul Ball, location: 2F
2-1: Foul Ball, location: 2F
2-2: Ball
3-2: Foul Ball, location: 2F
3-2: Base on Balls
Mark Owens to second
Batting: RHB Pat Fullerton 0-0: Called Strike
0-1: 3-RUN HOME RUN (Flyball, 7D), Distance : 383 ft
Batting: LHB Ed Murray 0-0: Ball
1-0: Foul Ball, location: 2F
1-1: SINGLE (Line Drive, 8RS)
Batting: RHB Ryan McBride 0-0: Ball
Ed Murray steals 2nd base
1-0: Ball
2-0: Called Strike
2-1: Foul Ball, location: 2F
2-2: Fly out, F3 (Popup, 3D)
Batting: RHB Ben Morton 0-0: Called Strike
0-1: Ball
1-1: Ball
2-1: DOUBLE (Line Drive, 7LD)
Ed Murray scores
Batting: LHB Marcos Villarreal 0-0: Foul Ball, location: 2F
0-1: Ball
1-1: Called Strike
1-2: Strikes out looking
Top of the 3rd over - 4 run(s), 3 hit(s), 0 error(s), 1 left on base; Tuscaloosa 4 - Otsego 1
BOTTOM OF THE 3RD
Otsego Bulldogs batting - Pitching for Tuscaloosa Trout Slayers : RHP Rafael Ramírez
Batting: RHB Ryosei Yamamoto 0-0: Called Strike
0-1: Ball
1-1: Ball
2-1: Bunt for hit - play at first, batter OUT! 5-3
Batting: RHB Juan Pérez 0-0: Ball
1-0: Called Strike
1-1: Ball
2-1: Foul Ball, location: 2F
2-2: Ball
3-2: DOUBLE (Line Drive, 8LM)
Batting: RHB Jesús Tisnado 0-0: Ground out 5-3 (Groundball, 5S)
Juan Pérez to third
Batting: LHB Robert Moore 0-0: Ball
1-0: Ball
2-0: Called Strike
2-1: Ball
3-1: Base on Balls
Batting: RHB Jim Beck 0-0: Called Strike
0-1: Swinging Strike
0-2: DOUBLE (Line Drive, 7LD)
Juan Pérez scores
Robert Moore to third
Batting: RHB Raúl Bauza 0-0: Called Strike
0-1: Foul Ball, location: 2F
0-2: Foul Ball, location: 2F
0-2: Ball
1-2: Ball
2-2: Fly out, F3 (Popup, 3)
Bottom of the 3rd over - 1 run(s), 2 hit(s), 0 error(s), 2 left on base; Tuscaloosa 4 - Otsego 2
TOP OF THE 4TH
Tuscaloosa Trout Slayers batting - Pitching for Otsego Bulldogs : LHP Félix García
Batting: LHB Ed Hart 0-0: Ball
1-0: Called Strike
1-1: SOLO HOME RUN (Flyball, 8RXD), Distance : 416 ft
Batting: SHB Tucker Thomas 0-0: Ball
1-0: Called Strike
1-1: Ball
2-1: Swinging Strike
2-2: Ball
3-2: Strikes out swinging
Batting: LHB Mark Owens 0-0: Ball
1-0: Foul Ball, location: 2F
1-1: Foul Ball, location: 2F
1-2: Ball
2-2: Foul Ball, location: 2F
2-2: Ball
3-2: Strikes out swinging
Batting: LHB Wilford Lush 0-0: Ball
1-0: Called Strike
1-1: Foul Ball, location: 2F
1-2: Strikes out swinging
Top of the 4th over - 1 run(s), 1 hit(s), 0 error(s), 0 left on base; Tuscaloosa 5 - Otsego 2
BOTTOM OF THE 4TH
Otsego Bulldogs batting - Pitching for Tuscaloosa Trout Slayers : RHP Rafael Ramírez
Batting: RHB Luis Maldonado 0-0: Bunted foul
0-1: Called Strike
0-2: Foul Ball, location: 2F
0-2: Ball
1-2: Ball
2-2: Strikes out swinging
Batting: RHB Kyung-bok Cho 0-0: Called Strike
0-1: Swinging Strike
0-2: SINGLE (Line Drive, 78M)
Batting: RHB José Martínez 0-0: Called Strike
0-1: Ball
1-1: Ball
2-1: Ball
3-1: Called Strike
3-2: Fly out, F4 (Line Drive, 4)
3-2: Lined into DP, 4-3 (Line Drive, 4)
Bottom of the 4th over - 0 run(s), 1 hit(s), 0 error(s), 0 left on base; Tuscaloosa 5 - Otsego 2
TOP OF THE 5TH
Tuscaloosa Trout Slayers batting - Pitching for Otsego Bulldogs : LHP Félix García
Batting: RHB Pat Fullerton 0-0: Ball
1-0: Called Strike
1-1: Ball
2-1: Foul Ball, location: 2F
2-2: Ball
3-2: Base on Balls
Batting: LHB Ed Murray 0-0: Called Strike
0-1: Ball
1-1: Called Strike
1-2: Foul Ball, location: 2F
1-2: Strikes out swinging
Pitching: RHP Troy Parker
Batting: RHB Ryan McBride 0-0: Ball
1-0: Ball
2-0: Foul Ball, location: 2F
2-1: Ball
3-1: Base on Balls
Pat Fullerton to second
Batting: RHB Ben Morton 0-0: SINGLE (Line Drive, 6MD)
Pat Fullerton to third
Ryan McBride to second
Runner from 3rd tries for Home, SAFE, throw made home
Ryan McBride to third
Ben Morton to second
Batting: LHB Marcos Villarreal 0-0: Ball
1-0: Foul Ball, location: 2F
1-1: Ground out 5-3 (Groundball, 56)
Ryan McBride scores
Batting: LHB Ed Hart 0-0: Foul Ball, location: 2F
0-1: Ball
1-1: Ground out 1-3 (Groundball, 23)
Top of the 5th over - 2 run(s), 1 hit(s), 0 error(s), 1 left on base; Tuscaloosa 7 - Otsego 2
BOTTOM OF THE 5TH
Otsego Bulldogs batting - Pitching for Tuscaloosa Trout Slayers : RHP Rafael Ramírez
Batting: RHB Ryosei Yamamoto 0-0: Swinging Strike
0-1: Bunted foul
0-2: Foul Ball, location: 2F
0-2: Ball
1-2: SOLO HOME RUN (Line Drive, 7D), Distance : 389 ft
Batting: RHB Juan Pérez 0-0: Called Strike
0-1: Fly out, F8 (Flyball, 78M)
Batting: RHB Jesús Tisnado 0-0: Called Strike
0-1: Swinging Strike
0-2: Ball
1-2: Strikes out swinging
Batting: LHB Robert Moore 0-0: Foul Ball, location: 2F
0-1: Ball
1-1: Swinging Strike
1-2: Ball
2-2: Foul Ball, location: 2F
2-2: Strikes out swinging
Bottom of the 5th over - 1 run(s), 1 hit(s), 0 error(s), 0 left on base; Tuscaloosa 7 - Otsego 3
TOP OF THE 6TH
Tuscaloosa Trout Slayers batting - Pitching for Otsego Bulldogs : RHP Troy Parker
Batting: SHB Tucker Thomas 0-0: Called Strike
0-1: SOLO HOME RUN (Line Drive, 89XD), Distance : 402 ft
Batting: LHB Mark Owens 0-0: Called Strike
0-1: Ball
1-1: Foul Ball, location: 2F
1-2: Ball
2-2: Foul Ball, location: 2F
2-2: Strikes out swinging
Batting: LHB Wilford Lush 0-0: Foul Ball, location: 2F
0-1: Ball
1-1: Ball
2-1: Fly out, F8 (Flyball, 8LXD)
Batting: RHB Pat Fullerton 0-0: Ball
1-0: Foul Ball, location: 2F
1-1: Foul Ball, location: 2F
1-2: Strikes out swinging
Top of the 6th over - 1 run(s), 1 hit(s), 0 error(s), 0 left on base; Tuscaloosa 8 - Otsego 3
BOTTOM OF THE 6TH
Otsego Bulldogs batting - Pitching for Tuscaloosa Trout Slayers : RHP Rafael Ramírez
Batting: RHB Jim Beck 0-0: Ball
1-0: Called Strike
1-1: SINGLE (Groundball, 34D)
Batting: RHB Raúl Bauza 0-0: Ball
1-0: Ball
2-0: Fly out, F3 (Line Drive, 34)
2-0: Lined into DP, U3 (Line Drive, 34)
Batting: RHB Luis Maldonado 0-0: DOUBLE (Line Drive, 7LS)
Batting: RHB Kyung-bok Cho 0-0: Ball
1-0: Foul Ball, location: 2F
1-1: Called Strike
1-2: Strikes out swinging
Bottom of the 6th over - 0 run(s), 2 hit(s), 0 error(s), 1 left on base; Tuscaloosa 8 - Otsego 3
TOP OF THE 7TH
Tuscaloosa Trout Slayers batting - Pitching for Otsego Bulldogs : RHP Troy Parker
Batting: LHB Ed Murray 0-0: Ball
1-0: TRIPLE (Flyball, 8RM)
Batting: RHB Ryan McBride 0-0: Ball
1-0: Ball
2-0: Called Strike
2-1: Ball
3-1: Base on Balls
Batting: RHB Ben Morton 0-0: Fly out, F9 (Flyball, 9D)
Runner from 3rd tags up, SCORES, no throw
Pitching: LHP José Chávez
Batting: LHB Marcos Villarreal 0-0: Ball
1-0: Foul Ball, location: 2F
1-1: Swinging Strike
1-2: Grounds into double play, 6-4-3 (Groundball, 6M)
Top of the 7th over - 1 run(s), 1 hit(s), 0 error(s), 0 left on base; Tuscaloosa 9 - Otsego 3
BOTTOM OF THE 7TH
Otsego Bulldogs batting - Pitching for Tuscaloosa Trout Slayers : RHP Rafael Ramírez
Pitching: LHP Claude Pinard
Batting: RHB José Martínez 0-0: Ball
1-0: Swinging Strike
1-1: DOUBLE (Line Drive, 7LM)
Batting: RHB Ryosei Yamamoto 0-0: Ball
1-0: Ball
2-0: Called Strike
2-1: DOUBLE (Line Drive, 7LM)
José Martínez scores
Batting: RHB Juan Pérez 0-0: Called Strike
0-1: Ground out 6-3 (Groundball, 6)
Ryosei Yamamoto to third
Batting: RHB Jesús Tisnado 0-0: Ball
1-0: Ball
2-0: Ball
3-0: Base on Balls
Batting: LHB Robert Moore 0-0: Called Strike
0-1: Ball
1-1: Ball
2-1: Foul Ball, location: 2F
2-2: Fly out, F8 (Flyball, 8RD)
Runner from 3rd tags up, SCORES, no throw
Batting: RHB Jim Beck 0-0: Ball
1-0: Foul Ball, location: 2F
1-1: Ball
2-1: Ball
3-1: Called Strike
3-2: Foul Ball, location: 2F
3-2: Foul Ball, location: 2F
3-2: Foul Ball, location: 2F
3-2: Base on Balls
Jesús Tisnado to second
Batting: RHB Raúl Bauza 0-0: Ball
1-0: Foul Ball, location: 2F
1-1: Called Strike
1-2: Foul Ball, location: 2F
1-2: Ground out 4-3 (Groundball, 4)
Bottom of the 7th over - 2 run(s), 2 hit(s), 0 error(s), 2 left on base; Tuscaloosa 9 - Otsego 5
TOP OF THE 8TH
Tuscaloosa Trout Slayers batting - Pitching for Otsego Bulldogs : LHP José Chávez
Batting: LHB Ed Hart 0-0: Ball
1-0: Called Strike
1-1: Ball
2-1: Ground out 6-3 (Groundball, 6)
Batting: SHB Tucker Thomas 0-0: Foul Ball, location: 2F
0-1: Ball
1-1: Called Strike
1-2: Ball
2-2: Ball
3-2: Base on Balls
Batting: LHB Mark Owens 0-0: Ball
1-0: Called Strike
1-1: Foul Ball, location: 2F
1-2: Ball
2-2: Fly out, F9 (Flyball, 9M)
Batting: LHB Wilford Lush 0-0: Ball
1-0: Foul Ball, location: 2F
1-1: Swinging Strike
1-2: Ground out 4-3 (Groundball, 4)
Top of the 8th over - 0 run(s), 0 hit(s), 0 error(s), 1 left on base; Tuscaloosa 9 - Otsego 5
BOTTOM OF THE 8TH
Otsego Bulldogs batting - Pitching for Tuscaloosa Trout Slayers : LHP Claude Pinard
Batting: RHB Luis Maldonado 0-0: Ball
1-0: Called Strike
1-1: Swinging Strike
1-2: Strikes out swinging
Batting: RHB Kyung-bok Cho 0-0: Called Strike
0-1: Ground out 6-3 (Groundball, 6)
Batting: RHB José Martínez 0-0: Swinging Strike
0-1: Foul Ball, location: 2F
0-2: Strikes out looking
Bottom of the 8th over - 0 run(s), 0 hit(s), 0 error(s), 0 left on base; Tuscaloosa 9 - Otsego 5
TOP OF THE 9TH
Tuscaloosa Trout Slayers batting - Pitching for Otsego Bulldogs : LHP José Chávez
Batting: RHB Pat Fullerton 0-0: Ball
1-0: Called Strike
1-1: Ball
2-1: Foul Ball, location: 2F
2-2: Foul Ball, location: 2F
2-2: Ball
3-2: Foul Ball, location: 2F
3-2: SINGLE (Groundball, 56D) (infield hit)
Batting: LHB Ed Murray 0-0: Ball
1-0: Ground out 4-3 (Groundball, 4M)
Pat Fullerton to second
Batting: RHB Ryan McBride 0-0: Ball
1-0: Fly out, F7 (Flyball, 7D)
Runner from 2nd tags up, SAFE at 3rd, no throw
Batting: RHB Ben Morton 0-0: Ground out 4-3 (Groundball, 4)
Top of the 9th over - 0 run(s), 1 hit(s), 0 error(s), 1 left on base; Tuscaloosa 9 - Otsego 5
BOTTOM OF THE 9TH
Otsego Bulldogs batting - Pitching for Tuscaloosa Trout Slayers : LHP Claude Pinard
Batting: RHB Ryosei Yamamoto 0-0: Called Strike
0-1: Ball
1-1: Ball
2-1: Bunted foul
2-2: Foul Ball, location: 2F
2-2: Ball
3-2: DOUBLE (Line Drive, 7D)
Batting: RHB Juan Pérez 0-0: Foul Ball, location: 2F
0-1: Called Strike
0-2: Ball
1-2: Foul Ball, location: 2F
1-2: Ground out 4-3 (Groundball, 4)
Ryosei Yamamoto to third
Pitching: LHP Mike Scott
Batting: RHB Jesús Tisnado 0-0: Ground out 1-3 (Groundball, 13S)
Batting: LHB Robert Moore 0-0: Ball
1-0: Foul Ball, location: 2F
1-1: Ball
2-1: Swinging Strike
2-2: Foul Ball, location: 2F
2-2: Foul Ball, location: 2F
2-2: Strikes out looking
Bottom of the 9th over - 0 run(s), 1 hit(s), 0 error(s), 1 left on base; Tuscaloosa 9 - Otsego 5
Monday, December 5th, 2016 - OOTP Baseball 17.12 Build 75